 Dungeon Crawl Stone Soup version 0.31-a0-1242-g57893ffec4 (webtiles) character file.

Game seed: 12378734585831105763

513 Gargoyl the Trooper (level 7, -4/66 HPs)
             Began as a Gargoyle Berserker on Dec 16, 2023.
             Was a Believer of Trog.
             Slain by an orc
             ... wielding a +0 falchion
              (5 damage)
             ... on level 5 of the Dungeon.
             The game lasted 00:05:11 (3297 turns).

Gargoyl the Trooper (Gargoyle Berserker)            Turns: 3297, Time: 00:05:12

Health: -4/66      AC: 23    Str: 20    XL:     7   Next: 19%
Magic:  7/7        EV:  2    Int:  8    God:    Trog [**....]
Gold:   235        SH:  0    Dex: 11    Spells: 6/6 levels left

rFire   . . .        a - +0 hand axe
rCold   . . .        (no shield)
rNeg    + . .        k - melded +0 chain mail
rPois   ∞            e - melded +0 helmet
rElec   .            (cloak currently unavailable)
rCorr   .            (gloves currently unavailable)
SInv    .            f - melded +1 pair of boots {Stlth+}
Will    .....        (no amulet)
Stlth   ++           (no ring)
HPRegen 0.31/turn    (no ring)
MPRegen 0.10/turn

%: no passive effects
@: mighty, brilliant, tree-form, on berserk cooldown, attractive, slowed, very
slow
A: stationary, stasis, torment immunity, boosted hp, sickness immunity, AC +4,
negative energy resistance 1, (electricity resistance), torment resistance 1,
petrification resistance
a: Renounce Religion, Berserk, Trog's Hand


You were on level 5 of the Dungeon.
You worshipped Trog.
Trog was pleased with you.
You were a tree.
You visited 1 branch of the dungeon, and saw 5 of its levels.

You collected 235 gold pieces.

Inventory:

Hand Weapons
 a - a +0 hand axe (weapon)
 i - a +1 scythe of protection
Missiles
 l - a throwing net
Armour
 e - a +0 helmet (melded)
 f - a +1 pair of boots of stealth (melded)
 k - a +0 chain mail (melded)
 n - a +0 kite shield
Scrolls
 h - 2 scrolls of identify
Potions
 b - 2 potions of curing
 g - a potion of magic
 o - a potion of mutation {unknown}
 p - a potion of heal wounds {unknown}


   Skills:
 + Level 4.8 Fighting
 + Level 4.8(5.1) Axes
 + Level 2.6(4.1) Polearms
 + Level 2.8 Armour
 + Level 2.8 Dodging
 + Level 1.8 Stealth


You had 6 spell levels left.
You didn't know any spells.
Your spell library was empty.

Dungeon Overview and Level Annotations

Branches:
Dungeon (5/15)
 Temple: D:4-7

Altars:
Cheibriados
Elyvilon
Gozag
Vehumet
Xom
Zin
The Shining One


Innate Abilities, Weirdness & Mutations

You are a tree.
Your roots penetrate the ground, keeping you stationary.
You cannot be teleported.
You are immune to unholy pain and torment.
Your maximum health is greatly increased.
Your equipment is partially melded.
You are immune to sickness and miasma.
((Your stone body is resilient. (AC +4)))
You are immune to poison.
You resist negative energy. (rN+)
((You are resistant to electric shocks. (rElec)))
You are resistant to unholy torment.
You are immune to petrification.


Message History

Okay, then.
It was a potion of curing.
You feel better. The orc completely misses you.
The orc hits you but does no damage. The orc hits you with a +0 war axe.
The orc barely misses you. The orc hits you but does no damage. x3
The orc barely misses you. The orc hits you with a +0 mace.
* * * LOW HITPOINT WARNING * * *
The orc closely misses you. The orc hits you but does no damage. x4
It was a potion of might.
You feel very mighty all of a sudden. The orc hits you with a +0 war axe.
* * * LOW HITPOINT WARNING * * *
The orc completely misses you. The orc hits you but does no damage.
The orc closely misses you. x2; The orc hits you but does no damage. x2
Unknown command.
It was a potion of attraction.
You feel attractive to monsters.
The orc hits you but does no damage. x2; The orc completely misses you.
The orc hits you but does no damage. x3; The orc barely misses you. x3
The orc hits you but does no damage. The orc barely misses you.
The orc hits you but does no damage. The orc hits you with a +0 falchion.
* * * LOW HITPOINT WARNING * * *
The orc closely misses you.
It was a potion of brilliance.
You feel clever all of a sudden. The orc hits you but does no damage.
The orc barely misses you. The orc hits you but does no damage.
The orc hits you with a +0 falchion.
* * * LOW HITPOINT WARNING * * *
The orc closely misses you. The orc hits you but does no damage. x2
A quokka comes into view.
The quokka is attracted toward you.
It was a potion of lignification.
You turn into a tree.
Your +0 helmet melds into your body.
Your +1 pair of boots of stealth melds into your body.
Your +0 chain mail melds into your body.
You feel less stealthy.
Your roots penetrate the ground.
The orc hits you but does no damage. x4; The orc barely misses you.
The orc hits you with a +0 mace.
* * * LOW HITPOINT WARNING * * *
The orc hits you but does no damage. x6; The orc hits you with a +0 falchion.
You die...

#. ### ##. ##..
.. . §.# .# ..
#.##.##...
##.r.......
#<.........
#..#.ooo=.....
#...o♣o......
.......oo.......
#...#.(#.##.#.#.
....##.... ...#
... ...... ...[
.. ..........#.
.........
..........


You could see 7 orcs and a quokka (wandering).

Vanquished Creatures
  Sigmund (D:2)
  An ogre (D:4)
  An orc priest (D:5)
  A sleepcap (D:4)
  An iguana (D:4)
  An orc wizard (D:5)
  Terence (D:3)
  Robin (D:4)
  4 adders
  A worm (D:3)
  4 dart slugs
  4 bats
  8 endoplasms
  3 giant cockroaches (D:1)
  6 goblins
  19 hobgoblins
  4 jackals
  4 quokkas
  4 ball pythons
  4 frilled lizards
  6 kobolds
  5 rats
84 creatures vanquished.

Notes
Turn   | Place    | Note
-------+----------+-------------------------------------------
     0 | D:1      | Gargoyl the Gargoyle Berserker began the quest for the Orb.
     0 | D:1      | Reached XP level 1. HP: 14/14 MP: 1/1
    54 | D:1      | Reached XP level 2. HP: 19/19 MP: 2/2
   299 | D:1      | Reached XP level 3. HP: 24/24 MP: 3/3
   900 | D:2      | Reached ** piety under Trog
  1092 | D:2      | Noticed Sigmund
  1103 | D:2      | Killed Sigmund
  1104 | D:2      | Reached skill level 1 in Stealth
  1104 | D:2      | Reached XP level 4. HP: 29/29 MP: 4/4
  1104 | D:2      | Reached XP level 5. HP: 33/33 MP: 5/5
  1416 | D:3      | Noticed Terence
  1423 | D:3      | Killed Terence
  1424 | D:3      | Reached XP level 6. HP: 39/39 MP: 6/6
  1490 | D:3      | Found a faded altar of an unknown god.
  1513 | D:3      | Found a shimmering altar of Xom.
  1514 | D:3      | Found an opulent altar of Gozag.
  1692 | D:3      | Found a snail-covered altar of Cheibriados.
  2109 | D:4      | Reached skill level 1 in Polearms
  2150 | D:4      | Found a radiant altar of Vehumet.
  2233 | D:4      | Noticed Robin
  2248 | D:4      | Killed Robin
  2643 | D:4      | Reached XP level 7. HP: 44/44 MP: 7/7
  2875 | D:4      | Found a glowing silver altar of Zin.
  2876 | D:4      | Found a white marble altar of Elyvilon.
  2876 | D:4      | Found a glowing golden altar of the Shining One.
  3271 | D:5      | Entered Level 5 of the Dungeon
  3297 | D:5      | HP: 1/66 [orc/+0 mace (6)]
  3297 | D:5      | Slain by an orc

Illustrated notes

Levels and vault maps discovered:
D:1:      eino_arrival_cavern_d, layout_loops_ring, nicolae_figureground_sparkle
D:2:      layout_basic, uniq_sigmund
D:3:      layout_basic, slow_altar_1, jmf_multi_god_temple,
          chequers_ecumenical_altar_island, st_stairs_4, kennysheep_nub,
          minmay_misc_feat_five, uniq_terence
D:4:      layout_layer_cave, dreamdust_divine_triumvirate,
          mainiacjoe_overflow_catwalk, uniq_robin
D:5:      layout_rooms, eat_drink_and_be_merry_uskayaw,
          overflow_temple_1_default, minmay_temple_entry_arrows,
          serial_bayou_crossing

Skill      XL: |  1  2  3  4  5  6 |
---------------+-------------------+-----
Axes           | 3 4 |  4.8
Fighting       | 4 |  4.8
Dodging        | 2 |  2.8
Stealth        | 1 |  1.8
Polearms       | 2 |  2.6
Armour         | |  2.8

Action                     |  1- 3 |  4- 6 |  7- 9 || total
---------------------------+-------+-------+-------++-------
  Melee: Hand axe          |   103 |    14 |       ||   117
         Punch             |     1 |       |       ||     1
         Halberd           |       |    84 |    21 ||   105
 Invoke: Berserk           |     3 |     2 |     1 ||     6
    Use: Scroll            |     2 |     3 |       ||     5
         Potion            |       |       |     6 ||     6
   Stab: Sleeping          |     2 |     2 |       ||     4
 Armour: Animal skin       |    62 |    15 |       ||    77
         Chain mail        |       |    50 |   103 ||   153
         Skin              |       |       |    12 ||    12
  Dodge: Dodged            |    73 |    56 |    45 ||   174

Table legend: (Time is in decaauts)
 A = Elapsed time spent in this place.
 B = Non-inter-level travel time spent in this place.
 C = Inter-level travel time spent in this place.
 D = Time resting spent in this place.
 E = Time spent auto-exploring this place.
 F = Levels seen in this place.
 G = Mean time per level.
                   A        B        C        D        E       F      G
               +--------+--------+--------+--------+--------+-----+--------+
         Total |   3401 |   3227 |    174 |      0 |   2455 |   5 |  680.2 |
       Dungeon |   3401 |   3227 |    174 |      0 |   2455 |   5 |  680.2 |
               +--------+--------+--------+--------+--------+-----+--------+

Top non-repeatable levels by time:
     D:4: 1197 daAuts
     D:1: 902 daAuts
     D:3: 719 daAuts
     D:2: 548 daAuts
     D:5: 32 daAuts
